 Dungeon Crawl Stone Soup version 0.31-a0-188-g5e087ee2ca (webtiles) character file.

Game seed: 453857016786565182

164 qw the Skirmisher (level 5, 0/29 HPs)
             Began as a Deep Elf Hunter on June 23, 2023.
             Killed by divine providence
             ... invoked by an orc priest
              (14 damage)
             ... on level 3 of the Dungeon.
             The game lasted 00:00:46 (1689 turns).

qw the Skirmisher (Deep Elf Hunter)                 Turns: 1689, Time: 00:00:46

Health: 0/29       AC:  5    Str: 10    XL:     5   Next: 21%
Magic:  7/7        EV: 11    Int: 14    God:
Gold:   102        SH:  0    Dex: 18    Spells: 4/4 levels left

rFire   + . .        Y - +0 shortbow
rCold   + . .        (shield currently unavailable)
rNeg    . . .        i - +0 ring mail
rPois   .            (no helmet)
rElec   .            c - scarf {rC+ rF+}
rCorr   .            (no gloves)
SInv    .            (no boots)
Will    .....        (no amulet)
Stlth   +            (no ring)
HPRegen 0.24/turn    (no ring)
MPRegen 0.10/turn

%: no passive effects
@: no status effects
A: no striking features
a: no special abilities


You were on level 3 of the Dungeon.
You visited 1 branch of the dungeon, and saw 3 of its levels.

You collected 102 gold pieces.


   Skills:
 - Level 1.5 Fighting
 + Level 8.7 Ranged Weapons
 - Level 2.4 Dodging
 - Level 1.2 Stealth


You had 4 spell levels left.
You didn't know any spells.
Your spell library was empty.

Inventory:

Hand Weapons
 Y - a +0 shortbow (weapon)
Armour
 c - a scarf of resistance (worn)
 i - a +0 ring mail (worn)
Scrolls
 a - 2 scrolls of immolation {unknown}
 d - 2 scrolls of identify {unknown}
 f - 3 scrolls of teleportation
 h - a scroll of fear {unknown}
Potions
 b - 3 potions of curing {unknown}
 e - a potion of degeneration {unknown}
 g - a potion of magic {unknown}
 k - a potion of might {unknown}

Dungeon Overview and Level Annotations

Branches:
Dungeon (2/15)

Altars:


Message History

You kill the orc!
A magic dart appears from out of thin air!
The magic dart hits you.
You shoot an arrow.
The arrow hits the orc priest but does no damage.
You shoot an arrow. The arrow hits the orc priest.
The orc priest is moderately wounded.
You shoot an arrow.
The arrow hits the orc priest but does no damage.
The orc priest is moderately wounded.
Something hits you but does no damage. The orc priest hits you with a +0 whip.
You shoot an arrow.
The arrow hits the orc priest but does no damage.
The orc priest is moderately wounded.
The orc closely misses you.
The orc priest looks encouraged for a moment.
Something hits you but does no damage.
You shoot an arrow.
The arrow hits the orc priest but does no damage.
The orc priest is moderately wounded.
You hear some strange, mumbled words.
A puff of flame appears from out of thin air!
The puff of flame misses you. The orc priest hits you with a +0 whip.
The orc closely misses you.
You shoot an arrow. The arrow hits the orc priest.
The orc priest is heavily wounded.
The orc hits you but does no damage.
The orc priest hits you but does no damage.
Something hits you.
You shoot an arrow.
The arrow hits the orc priest but does no damage.
The orc priest is heavily wounded.
The orc hits you with a +0 war axe. The orc priest closely misses you.
Something hits you.
You shoot an arrow. The arrow hits the orc priest.
The orc priest is severely wounded.
The orc hits you with a +0 war axe.
The orc priest invokes the aid of Beogh against you.
Beogh smites you!
You die...

##. #......##.# #.
#.%.......#########+
####...................
#......................
#................#.....
#.....)..........#.....
#....{oo...... #.......
#.....@..?.$.. #.......
##............. #.#.....
#............####.......
#.......................
#.....##................
##.....#.....#..........
#.....#................
##.....####.............
#.......................


You could see an orc priest and an orc.

Vanquished Creatures
  A scorpion (D:3)
  A gnoll (D:1)
  3 adders
  A worm (D:3)
  2 dart slugs (D:3)
  5 orcs
  2 ball pythons
  3 endoplasms (D:1)
  4 giant cockroaches
  6 goblins
  7 hobgoblins
  3 jackals (D:1)
  4 kobolds
  A quokka (D:3)
  6 bats
  2 frilled lizards (D:2)
  5 rats
56 creatures vanquished.

Notes
Turn   | Place    | Note
-------+----------+-------------------------------------------
     0 | D:1      | qw the Deep Elf Hunter began the quest for the Orb.
     0 | D:1      | Reached XP level 1. HP: 12/12 MP: 3/3
     0 | D:1      | 0 ||| qw: Version: 0.3-a-9-g12657ce
     0 | D:1      | 0 ||| qw: Game counter: 3798
     0 | D:1      | 0 ||| qw: Always use a shield: true
     0 | D:1      | 0 ||| qw: God list: Okawaru
     0 | D:1      | 0 ||| qw: Allow faded altars: false
     0 | D:1      | 0 ||| qw: Do Orc after D:15 true
     0 | D:1      | 0 ||| qw: Do second Lair branch before Depths: true
     0 | D:1      | 0 ||| qw: Lair rune preference: random
     0 | D:1      | 0 ||| qw: Plans: Normal
     0 | D:1      | 0 ||| PLANNING D:1-11
   174 | D:1      | Reached XP level 2. HP: 16/16 MP: 4/4
   185 | D:1      | Reached skill level 6 in Ranged Weapons
   435 | D:1      | Reached XP level 3. HP: 19/20 MP: 5/5
   680 | D:1      | 680 ||| UPGRADING to +0 ring mail.
   690 | D:1      | 690 ||| DROPPING +0 leather armour.
   691 | D:1      | 691 ||| READING 2 scrolls labelled NAKKEF DODOYT.
   692 | D:1      | 692 ||| READING scroll labelled BITHRI VAOL.
   693 | D:1      | 693 ||| READING 2 scrolls labelled XAKHOHIAHEU.
   697 | D:1      | 697 ||| READING scroll labelled KUUSMU YSANK.
   698 | D:1      | 698 ||| READING scroll labelled VABAPN TEETOTH.
   698 | D:1      | Identified a scroll of acquirement
   698 | D:1      | 698 ||| ACQUIRING scarf of resistance
   698 | D:1      | Acquired a scarf of resistance
   700 | D:1      | 700 ||| UPGRADING to scarf of resistance.
   705 | D:1      | 705 ||| DRINKING 2 white potions.
   706 | D:1      | 706 ||| DROPPING scroll of poison.
   707 | D:1      | 707 ||| DROPPING scroll of butterflies.
   708 | D:1      | 708 ||| DROPPING potion of attraction.
   733 | D:2      | 733 ||| STAIRDANCE
   831 | D:2      | Reached skill level 7 in Ranged Weapons
  1184 | D:2      | Reached XP level 4. HP: 25/25 MP: 6/6
  1209 | D:2      | You fall into a shaft and drop 1 floor!
  1488 | D:3      | Noticed a scorpion
  1502 | D:3      | Killed a scorpion
  1503 | D:3      | Reached skill level 8 in Ranged Weapons
  1503 | D:3      | Reached XP level 5. HP: 10/29 MP: 7/7
  1503 | D:3      | HP: 5/29 [adder (3)]
  1504 | D:3      | 1504 ||| READING 4 scrolls of teleportation.
  1689 | D:3      | Killed from afar by an orc priest

Levels and vault maps discovered:
D:1:      scummos_arrival_forest, layout_loops_ring
D:2:      layout_loops_cross, hellmonk_ecumenical_altar_run_dry
D:3:      layout_basic, lemuel_coloured_pillars_altar, minmay_pentangle

Skill      XL: |  1  2  3  4 |
---------------+-------------+-----
Ranged Weapons | 6 7 8 |  8.7
Fighting       | |  1.5
Dodging        | |  2.4
Stealth        | |  1.2

Action                     |  1- 3 |  4- 6 || total
---------------------------+-------+-------++-------
   Fire: Shortbow          |    99 |    83 ||   182
    Use: Scroll            |     5 |     1 ||     6
         Potion            |     1 |       ||     1
 Armour: Leather armour    |     4 |       ||     4
         Ring mail         |    17 |    16 ||    33
  Dodge: Dodged            |    31 |    29 ||    60

Table legend:
 A = Non-vault XP
 B = Vault XP
 C = Vault XP percentage of total XP
 D = Non-vault monster count
 E = Vault monster count
 F = Vault count percentage of total count
                 A         B        C        D         E       F
            +---------+---------+-------+---------+---------+-------
      Total |     140 |      95 |  40.4 |      49 |       7 |  12.5
            +---------+---------+-------+---------+---------+-------
        D:1 |      55 |       0 |   0.0 |      24 |       0 |   0.0
        D:2 |      44 |       0 |   0.0 |      12 |       0 |   0.0
        D:3 |      41 |      95 |  69.9 |      13 |       7 |  35.0
            +---------+---------+-------+---------+---------+-------
